 Dungeon Crawl Stone Soup version 0.31-a0-965-g8a8ce12e04 (webtiles) character file.

Game seed: 2630167291460401341

312 Pixllover the Ruffian (level 6, -1/47 HPs)
             Began as a Gnoll Shapeshifter on Oct 26, 2023.
             Splashed by a jelly's acid (9 damage)
             ... on level 4 of the Dungeon.
             The game lasted 00:07:30 (4026 turns).

Pixllover the Ruffian (Gnoll Shapeshifter)          Turns: 4026, Time: 00:07:31

Health: -1/47      AC: -5    Str: 16    XL:     6   Next: 42%
Magic:  9/9        EV: 10    Int:  9    God:
Gold:   232        SH:  0    Dex: 11    Spells: 9/9 levels left

rFire   . .          .
                       - Unarmed
rCold   . . .        (no shield)
rNeg    . . .        a - +0 animal skin
rPois   .            (helmet currently unavailable)
rElec   .            (cloak currently unavailable)
rCorr   .            (gloves currently unavailable)
SInv    .            (boots currently unavailable)
Will    .....        (no amulet)
Stlth   ++           (no ring)
HPRegen 0.27/turn    (no ring)
MPRegen 0.11/turn

%: no passive effects
@: beast-form, corroded, constricted, studying Translocations
A: beast (slay +3), fangs 1, strong nose, distributed training
a: Begin Untransformation


You were on level 4 of the Dungeon.
You were a hulking beast.
You visited 1 branch of the dungeon, and saw 4 of its levels.
You also visited: Sewer.

You collected 232 gold pieces.

Inventory:

Missiles
 e - a throwing net
 p - 5 poisoned darts (quivered)
Armour
 a - a +0 animal skin (worn)
Jewellery
 s - a ring of resist corrosion
 u - a ring of protection from cold
Talismans
 c - a beast talisman (active)
 d - a flux talisman
Scrolls
 h - 2 scrolls of identify
 j - a scroll of amnesia {unknown}
 k - a scroll of enchant weapon {unknown}
 l - 5 scrolls of blinking
 r - a scroll of fog {unknown}
 t - a scroll of vulnerability {unknown}
 x - a scroll of teleportation {unknown}
Potions
 b - 2 potions of lignification
 f - 5 potions of curing
 g - 2 potions of cancellation
 i - a potion of attraction {unknown}
 m - a potion of mutation {unknown}
 n - 2 potions of heal wounds {unknown}
 o - 2 potions of enlightenment
 q - 3 potions of ambrosia {unknown}
 v - 2 potions of haste {unknown}
 w - a potion of magic {unknown}
 z - a potion of invisibility {unknown}


   Skills:
 + Level 3.2 Fighting
 + Level 2.0 Short Blades
 + Level 2.0 Long Blades
 + Level 2.0 Axes
 + Level 2.0 Maces & Flails
 + Level 2.0 Polearms
 + Level 2.0 Staves
 + Level 2.0 Ranged Weapons
 + Level 2.0 Throwing
 + Level 2.0 Armour
 + Level 5.0 Dodging
 + Level 2.0 Stealth
 + Level 2.0 Shields
 + Level 6.8 Unarmed Combat
 + Level 2.0 Spellcasting
 + Level 1.5 Conjurations
 + Level 1.5 Hexes
 + Level 1.5 Summonings
 + Level 1.5 Necromancy
 + Level 1.7 Translocations
 + Level 1.5 Transmutations
 + Level 1.5 Fire Magic
 + Level 1.5 Ice Magic
 + Level 1.5 Air Magic
 + Level 1.5 Earth Magic
 + Level 1.5 Poison Magic
 + Level 2.2 Invocations
 + Level 2.0 Evocations
 + Level 6.7 Shapeshifting


You had 9 spell levels left.
You didn't know any spells.
Your spell library contained the following spells:

 Spells                   Type           Power      Damage    Failure   Level
 Freeze                   Ice            12%        1d3       17%         1
 Frozen Ramparts          Ice            6%         1d1       45%         3
 Hailstorm                Conj/Ice       3%         3d3       45%         3


Dungeon Overview and Level Annotations

Branches:
Dungeon (4/15)              Sewer (visited)
 Temple: D:4-7

Altars:
Vehumet


Innate Abilities, Weirdness & Mutations

You are a hulking beast.
Your limbs bulge with bestial killing power. (Slay +3)
You have very sharp teeth.
Your uncanny sense of smell can sniff out nearby items.
Your experience applies equally to all skills.


Message History

The adder barely misses you.
You miss the adder.
The adder is severely wounded.
A ball python comes into view.
The adder bites you.
You are poisoned.
The adder poisons you!
The ball python hisses angrily.
You punch the adder!
You kill the adder!
You feel sick.
You feel sick. The goblin attacks as it pursues you!
The goblin hits you with a +0 club.
You punch the goblin!
You kill the goblin!
You feel sick.
You completely miss the jelly.
You feel sick. The jelly hits you. The acid corrodes you!
You are splashed with acid.
You hit the jelly.
Your hands burn!
The jelly is lightly wounded.
You feel sick. The jelly misses you.
You hit the jelly.
Your hands burn!
You bite the jelly.
The jelly is heavily wounded.
You feel sick. The jelly hits you. The acid corrodes you!
You are splashed with acid.
You hit the jelly but do no damage.
Your hands burn!
* * * LOW HITPOINT WARNING * * *
The jelly is heavily wounded.
You feel sick.
You are no longer poisoned.
The ball python closely misses you. The ball python grabs you.
The ball python constricts you.
* * * LOW HITPOINT WARNING * * *
You punch the jelly! The acid corrodes you!
Your hands burn!
* * * LOW HITPOINT WARNING * * *
The jelly is almost dead.
The jelly hits you.
* * * LOW HITPOINT WARNING * * *
You are splashed with acid!
You die...

#..........##.....# ###...##
#......##..##.....# ###...
#..........##.....## #..#
#.......#...'.....'# #...
#.......#####.....## #)#.
#.............#....######+##
#.......###.#...............
#.........#)#...#...........
#..........h#...............
......SJ################
###....†w......
###.......... #..........
#.......... #..........
#.......... #..........


You could see a jelly, a dart slug and a ball python.

Vanquished Creatures
  A kobold brigand (Sewer)
  Crazy Yiuf (D:4)
  A sleepcap (D:4)
  5 adders
  3 river rats
  A white imp (D:4)
  4 worms
  2 dart slugs
  3 orcs (D:4)
  4 bats
  4 endoplasms
  4 giant cockroaches
  14 goblins
  5 hobgoblins
  10 jackals
  3 quokkas
  5 ball pythons
  2 frilled lizards (D:1)
  13 kobolds
  7 rats
92 creatures vanquished.

Notes
Turn   | Place    | Note
-------+----------+-------------------------------------------
     0 | D:1      | Pixllover the Gnoll Shapeshifter began the quest for the
                  | Orb.
     0 | D:1      | Reached XP level 1. HP: 17/17 MP: 1/1
    89 | D:1      | Reached XP level 2. HP: 8/23 MP: 2/2
   656 | D:1      | Reached XP level 3. HP: 28/28 MP: 3/3
  1440 | D:2      | Reached skill level 1 in Invocations
  1731 | D:2      | Reached skill level 1 in Short Blades
  1731 | D:2      | Reached skill level 1 in Long Blades
  1731 | D:2      | Reached skill level 1 in Axes
  1731 | D:2      | Reached skill level 1 in Maces & Flails
  1731 | D:2      | Reached skill level 1 in Polearms
  1731 | D:2      | Reached skill level 1 in Staves
  1731 | D:2      | Reached skill level 1 in Ranged Weapons
  1731 | D:2      | Reached skill level 1 in Throwing
  1731 | D:2      | Reached skill level 1 in Armour
  1731 | D:2      | Reached skill level 1 in Stealth
  1731 | D:2      | Reached skill level 1 in Shields
  1731 | D:2      | Reached skill level 1 in Spellcasting
  1731 | D:2      | Reached skill level 1 in Evocations
  1800 | D:2      | Found a faded altar of an unknown god.
  1827 | D:2      | Reached XP level 4. HP: 32/34 MP: 5/5
  2071 | D:2      | Found a radiant altar of Vehumet.
  2272 | D:3      | Reached skill level 1 in Conjurations
  2272 | D:3      | Reached skill level 1 in Hexes
  2272 | D:3      | Reached skill level 1 in Summonings
  2272 | D:3      | Reached skill level 1 in Necromancy
  2272 | D:3      | Reached skill level 1 in Translocations
  2272 | D:3      | Reached skill level 1 in Transmutations
  2272 | D:3      | Reached skill level 1 in Fire Magic
  2272 | D:3      | Reached skill level 1 in Ice Magic
  2272 | D:3      | Reached skill level 1 in Air Magic
  2272 | D:3      | Reached skill level 1 in Earth Magic
  2272 | D:3      | Reached skill level 1 in Poison Magic
  2274 | D:3      | Found a glowing drain.
  2278 | Sewer    | Entered a sewer
  2389 | Sewer    | Noticed a kobold brigand
  2410 | Sewer    | Killed a kobold brigand
  2411 | Sewer    | Reached XP level 5. HP: 23/41 MP: 5/7
  2556 | Sewer    | Found a white marble altar of Elyvilon.
  3515 | D:4      | Reached XP level 6. HP: 47/47 MP: 8/8
  3954 | D:4      | Found a runed translucent door.
  3955 | D:4      | Noticed Crazy Yiuf
  3962 | D:4      | Killed Crazy Yiuf
  3963 | D:4      | Reached skill level 5 in Dodging
  4026 | D:4      | Splashed by a jelly's acid

Illustrated notes

Levels and vault maps discovered:
D:1:      minmay_arrival_shattered_statue, layout_basic
D:2:      layout_basic, basic_altar, hellmonk_ecumenical_altar_dog_temple,
          roderic_serpentine_path
D:3:      layout_basic, gup_sewer_entry_spiral
D:4:      layout_basic, uniq_crazy_yiuf_cottage

Skill      XL: |  1  2  3  4  5  6 |
---------------+-------------------+-----
Invocations    | 1 2 |  2.2
Short Blades   | 1 2 |  2.0
Long Blades    | 1 2 |  2.0
Axes           | 1 2 |  2.0
Maces & Flails | 1 2 |  2.0
Polearms       | 1 2 |  2.0
Staves         | 1 2 |  2.0
Ranged Weapons | 1 2 |  2.0
Throwing       | 1 2 |  2.0
Armour         | 1 2 |  2.0
Stealth        | 1 2 |  2.0
Shields        | 1 2 |  2.0
Spellcasting   | 1 2 |  2.0
Evocations     | 1 2 |  2.0
Conjurations   | 1 |  1.5
Hexes          | 1 |  1.5
Summonings     | 1 |  1.5
Necromancy     | 1 |  1.5
Translocations | 1 |  1.7
Transmutations | 1 |  1.5
Fire Magic     | 1 |  1.5
Ice Magic      | 1 |  1.5
Air Magic      | 1 |  1.5
Earth Magic    | 1 |  1.5
Poison Magic   | 1 |  1.5
Fighting       | 3 |  3.2
Dodging        | 5 |  5.0
Unarmed Combat | |  6.8
Shapeshifting  | |  6.7

Action                     |  1- 3 |  4- 6 || total
---------------------------+-------+-------++-------
  Melee: Unarmed           |    86 |   160 ||   246
         Bite              |     8 |    17 ||    25
         Punch             |     2 |     4 ||     6
    Use: Scroll            |     3 |     1 ||     4
   Stab: Sleeping          |     1 |       ||     1
 Armour: Animal skin       |    42 |    68 ||   110
  Dodge: Dodged            |    47 |   100 ||   147
   Form: Beast             |     1 |       ||     1

Table legend: (Time is in decaauts)
 A = Elapsed time spent in this place.
 B = Non-inter-level travel time spent in this place.
 C = Inter-level travel time spent in this place.
 D = Time resting spent in this place.
 E = Time spent auto-exploring this place.
 F = Levels seen in this place.
 G = Mean time per level.
                   A        B        C        D        E       F      G
               +--------+--------+--------+--------+--------+-----+--------+
         Total |   4109 |   4004 |    105 |    327 |   2340 |   5 |  821.8 |
       Dungeon |   3629 |   3524 |    105 |    205 |   2183 |   4 |  907.2 |
         Sewer |    480 |    480 |      0 |    122 |    157 |   1 |  480.0 |
               +--------+--------+--------+--------+--------+-----+--------+

Top non-repeatable levels by time:
     D:1: 1060 daAuts
     D:2: 1030 daAuts
     D:3: 1030 daAuts
     D:4: 508 daAuts
   Sewer: 480 daAuts
